 Dungeon Crawl Stone Soup version 0.24-b1-30-g840c9efd86 (webtiles) character file.

Game seed: 1957529855009988692, levelgen mode: deterministic

695 lepoulpe303 the Poker (level 7, -4/57 HPs)
             Began as a Merfolk Monk on Oct 24, 2019.
             Slain by an iguana (9 damage)
             ... on level 5 of the Dungeon.
             The game lasted 00:23:48 (6256 turns).

lepoulpe303 the Poker (Merfolk Monk)                Turns: 6256, Time: 00:23:49

Health: -4/57      AC:  6    Str:  7    XL:     7   Next: 64%
Magic:  7/7        EV: 12    Int:  9    God:
Gold:   57         SH:  0    Dex: 17    Spells: 6/6 levels left

rFire    + . .     SeeInvis .   a - +0 spear
rCold    x . .     Gourm    .   (no shield)
rNeg     . . .     Faith    .   p - +0 ring mail (curse)
rPois    .         Spirit   .   (no helmet)
rElec    .         Reflect  .   (no cloak)
rCorr    .         Harm     .   (no gloves)
MR       .....                  n - +0 pair of boots
Stlth    ++........             y - amulet of the acrobat
HPRegen  0.19/turn              r - ring of fire {rF+, rC-}
MPRegen  0.10/turn              A - -6 ring of strength (curse)

@: no status effects
A: change form in water, swift swim, stealthy swim
a: no special abilities


You were on level 5 of the Dungeon.
You were very hungry.

You visited 1 branch of the dungeon, and saw 5 of its levels.

You collected 192 gold pieces.
You spent 135 gold pieces at shops.

Inventory:

Hand Weapons
 a - a +0 spear (weapon)
Missiles
 b - 11 boomerangs (quivered)
 Q - 113 stones
Armour
 f - a +1 helmet
 n - a +0 pair of boots (worn)
 o - a +0 leather armour
 p - a cursed +0 ring mail (worn)
Jewellery
 r - a ring of fire (left hand) {rF+, rC-}
 y - an amulet of the acrobat (around neck)
 A - a cursed -6 ring of strength (right hand)
Wands
 c - a wand of disintegration (8)
 u - a wand of acid (10)
 v - a wand of paralysis (5)
Scrolls
 i - 2 scrolls of identify
 t - 2 scrolls of teleportation
 B - 2 scrolls of blinking {!r}
Potions
 d - 2 potions of cancellation {unknown}
 g - 2 potions of lignification {unknown}
 h - 2 potions of heal wounds {unknown}
 l - a potion of degeneration {unknown}
 m - a potion of ambrosia {unknown}
 q - 3 potions of curing
 x - a potion of haste {unknown}
 z - a potion of agility {unknown}
Comestibles
 e - 7 rations


   Skills:
 * Level 5.7 Fighting
 * Level 7.6 Polearms
 + Level 1.8 Armour
 + Level 5.5 Dodging
 + Level 4.1 Stealth
 + Level 1.3 Evocations


You had 6 spell levels left.
You didn't know any spells.
Your spell library was empty.

Dungeon Overview and Level Annotations

Branches:
Dungeon (5/15)
 Temple: D:4-7

Altars:
Ashenzari

Shops:
D:4 ?:[?

Annotations:
D:3 Sigmund


Message History

You take 6 damage, and have 19/57 hp.
You barely miss the iguana. You closely miss the iguana.
The iguana barely misses you.
You hit the iguana. The iguana barely misses you.
You hit the iguana. The iguana bites you.
* * * LOW HITPOINT WARNING * * *
You take 3 damage, and have 17/57 hp.
You closely miss the iguana. You hit the iguana but do no damage.
The iguana closely misses you.
You hit the iguana. The iguana barely misses you.
You hit the iguana. The iguana bites you.
* * * LOW HITPOINT WARNING * * *
You take 6 damage, and have 11/57 hp.
You hit the iguana. You barely miss the iguana. The iguana bites you!
* * * LOW HITPOINT WARNING * * *
You take 6 damage, and have 5/57 hp.
You barely miss the iguana. The iguana barely misses you.
You hit the iguana but do no damage. The iguana bites you!
You die...

..#* #..........# **,,,,,,,
...##**#.........## *,.,,,,,,
.....###.....##...### **#..,,,,,,
,*#.....#รท.#####....###....,***,,
***##.....## #.........#,******* *
##....# #.###....##**,,* *
#####.....# ###.###.#### **,*
........#####...l#....#### *,***
........##..##..@#...##..##**,,**
##......#....#...#...#....# *,,,*
##....##..#.#...#...#.#..##**,*,
##.....#..##.#..#.#..#.##..# ***,
#......#..#).#..#.#..#..#..# **
.......#..####..#.#..####..#
.......##..##..##.##..##..##
.......##......#...#......#
....##..##....##...##....## **


You could see an iguana.

Levels and vault maps discovered:
D:1:      dpeg_arrival_stonehenge_8_columns, layout_loops_ring
D:2:      layout_basic, ashenzari_altar_1, minmay_pentomino_s4
D:3:      layout_basic, uniq_sigmund, uniq_ijyb, uniq_robin
D:4:      layout_basic, serial_shops, nicolae_shop_behind_doors, shop, shop,
          shop
D:5:      layout_layer_cave, first_ration, minmay_puff, uniq_eustachio

Notes
Turn   | Place    | Note
-------+----------+-------------------------------------------
     0 | D:1      | lepoulpe303 the Merfolk Monk began the quest for the Orb.
     0 | D:1      | Reached XP level 1. HP: 18/18 MP: 1/1
     4 | D:1      | Identified a +0 club
    38 | D:1      | Identified a +0 club
   106 | D:1      | Reached XP level 2. HP: 20/24 MP: 2/2
   298 | D:1      | Identified a +0 club
   332 | D:1      | Identified a cursed -1 short sword
   345 | D:1      | Identified a +0 dagger
   639 | D:1      | Identified a +0 dagger
   787 | D:1      | Reached XP level 3. HP: 27/30 MP: 3/3
   881 | D:2      | HP: 5/30 [adder (3)]
   882 | D:2      | Reached skill level 5 in Polearms
   954 | D:2      | Identified a +0 pair of boots (You found it on level 2 of
                  | the Dungeon)
  1276 | D:2      | Identified a cursed +0 dagger
  1285 | D:2      | Reached skill level 4 in Fighting
  1356 | D:2      | Reached XP level 4. HP: 34/37 MP: 4/4
  1387 | D:2      | Identified a +0 club
  1403 | D:2      | Identified a +0 dagger
  1438 | D:2      | Identified a cursed -3 club
  1489 | D:2      | Identified a +0 leather armour (You found it on level 2 of
                  | the Dungeon)
  1510 | D:2      | Identified a +0 short sword
  1512 | D:2      | Identified a +0 short sword
  1513 | D:2      | Identified a +0 club
  1536 | D:2      | Found a shattered altar of Ashenzari.
  1840 | D:3      | Identified a +0 dagger
  1842 | D:3      | Identified a +0 short sword
  1842 | D:3      | Identified a +0 animal skin
  1842 | D:3      | Identified a +0 helmet
  1842 | D:3      | Noticed Robin
  1842 | D:3      | Identified a +1 dagger of pain
  1851 | D:3      | Identified a +0 club
  1860 | D:3      | Identified a +0 club
  1860 | D:3      | Identified a +0 club
  1861 | D:3      | Identified a +0 dagger
  2011 | D:3      | Identified a cursed +0 ring mail (You found it on level 3
                  | of the Dungeon)
  2079 | D:3      | Killed Robin
  2378 | D:3      | Identified a +0 scythe
  2378 | D:3      | Identified a +0 robe
  2378 | D:3      | Noticed Sigmund
  2606 | D:3      | Identified a +0 flail
  2607 | D:3      | Identified a +0 dagger
  2607 | D:3      | Identified a +0 ring mail
  2607 | D:3      | Noticed Ijyb
  2607 | D:3      | Identified a +0 whip
  2607 | D:3      | Identified a +0 flail
  2895 | D:3      | Identified a cursed +0 spear
  2907 | D:3      | Reached skill level 3 in Stealth
  3063 | D:3      | Reached XP level 5. HP: 42/42 MP: 5/5
  3128 | D:3      | Identified 2 scrolls of teleportation
  3141 | D:3      | Identified a +0 club
  3141 | D:3      | Identified a +0 ring mail
  3155 | D:3      | Reached skill level 1 in Armour
  3206 | D:3      | Identified 2 scrolls of identify
  3206 | D:3      | Identified a ring of fire (You found it on level 3 of the
                  | Dungeon)
  3382 | D:3      | Identified a +0 club
  3592 | D:3      | HP: 4/43 [disintegration (20)]
  3595 | D:3      | Identified 3 potions of curing
  3597 | D:3      | HP: 7/43 [Ijyb/+0 dagger (2)]
  3602 | D:3      | Killed Ijyb
  3602 | D:3      | Reached skill level 6 in Polearms
  4205 | D:4      | Found Warghu Fise's Magic Scroll Shoppe.
  4209 | D:4      | Identified a +0 hand axe
  4209 | D:4      | Identified a +0 leather armour
  4209 | D:4      | Identified a +0 leather armour
  4210 | D:4      | Identified a +0 flail
  4211 | D:4      | Identified a +0 club
  4212 | D:4      | Identified a +0 dagger
  4212 | D:4      | Identified a +0 robe
  4251 | D:4      | Reached XP level 6. HP: 27/49 MP: 6/6
  4264 | D:4      | HP: 11/49 [centaur skeleton (5)]
  4270 | D:4      | Reached skill level 5 in Dodging
  4536 | D:4      | Bought a scroll of blinking for 105 gold pieces
  4541 | D:4      | Found Hoaroll's Book Emporium.
  4687 | D:4      | Reached skill level 5 in Fighting
  5064 | D:4      | Identified a cursed -3 giant spiked club
  5078 | D:4      | Reached skill level 7 in Polearms
  5078 | D:4      | Reached XP level 7. HP: 46/56 MP: 7/7
  5312 | D:4      | Found Lesaadusk's Magic Scroll Shop.
  5316 | D:4      | Bought a scroll of teleportation for 30 gold pieces
  5437 | D:4      | Found Darhaq's Armour Shoppe.
  5504 | D:5      | Entered Level 5 of the Dungeon
  5509 | D:5      | Identified a cursed -3 dagger
  5509 | D:5      | Identified a +0 robe
  5525 | D:5      | Identified a +0 whip
  5525 | D:5      | Identified a +0 hand axe
  5525 | D:5      | Identified a +0 scale mail
  5570 | D:4      | Reached skill level 4 in Stealth
  5570 | D:4      | Reached skill level 1 in Evocations
  5663 | D:5      | Identified an amulet of the acrobat (You found it on level
                  | 5 of the Dungeon)
  6003 | D:5      | Identified 2 scrolls of random uselessness
  6064 | D:5      | Identified a ring of strength (You found it on level 5 of
                  | the Dungeon)
  6065 | D:5      | Identified a scroll of magic mapping
  6066 | D:5      | Identified a scroll of enchant armour
  6122 | D:5      | HP: 7/57 [iguana (10)]
  6125 | D:5      | HP: 3/57 [iguana (5)]
  6252 | D:5      | HP: 11/57 [iguana (6)]
  6254 | D:5      | HP: 5/57 [iguana (7)]
  6256 | D:5      | Slain by an iguana

Table legend:
 A = Turns spent in this place as a percentage of turns spent in the entire game.
 B = Non-inter-level travel turns spent in this place as a percentage of non-inter-level travel turns spent in the entire game.
 C = Inter-level travel turns spent in this place as a percentage of turns spent in this place.
 D = Turns resting spent in this place as a percentage of non-inter-level travel turns spent in this place.
 E = Turns spent auto-exploring this place as a percentage of non-inter-level travel turns spent in this place.
 F = Non-inter-level travel turns spent in this place divided by the number of levels of this place that you've seen.
                   A       B       C       D       E      F
               +-------+-------+-------+-------+-------+----------------------
         Total | 100.0 | 100.0 |   5.3 |  38.6 |  30.8 | 1185.4
       Dungeon | 100.0 | 100.0 |   5.3 |  38.6 |  30.8 | 1185.4
               +-------+-------+-------+-------+-------+----------------------

Table legend:
 A = Kills in this place as a percentage of kills in entire the game.
 B = Kills by you in this place as a percentage of kills by you in the entire game.
 C = Kills by friends in this place as a percentage of kills by friends in the entire game.
 D = Other kills in this place as a percentage of other kills in the entire game.
 E = Experience gained in this place as a percentage of experience gained in the entire game.
 F = Experience gained in this place divided by the number of levels of this place that you have seen.
                   A       B       C       D       E      F
               +-------+-------+-------+-------+-------+----------------------
         Total | 100.0 | 100.0 |   N/A |   N/A | 100.0 | 198.6
       Dungeon | 100.0 | 100.0 |   N/A |   N/A | 100.0 | 198.6
               +-------+-------+-------+-------+-------+----------------------

Skill      XL: |  1  2  3  4  5  6  7 |
---------------+----------------------+-----
Polearms       | 5 6 7 |  7.6
Fighting       | 4 5 |  5.7
Stealth        | 3 4 |  4.1
Armour         | 1 |  1.8
Dodging        | 5 |  5.5
Evocations     | 1 |  1.3

Action                   |  1- 3 |  4- 6 |  7- 9 || total
-------------------------+-------+-------+-------++-------
Melee: Spear             |   152 |   364 |   148 ||   664
Throw: Boomerang         |       |    19 |    18 ||    37
       Stone             |       |     1 |       ||     1
  Use: Scroll            |       |     2 |     5 ||     7
       Potion            |       |     1 |       ||     1
 Stab: Sleeping          |     5 |    12 |     1 ||    18
  Eat: Chunk             |     2 |     8 |     3 ||    13
       Ration            |       |     1 |       ||     1
Armor: Robe              |    14 |       |       ||    14
       Ring mail         |       |    67 |    18 ||    85
       Leather armour    |       |     6 |       ||     6
Dodge: Dodged            |    73 |   166 |    65 ||   304

Vanquished Creatures
  An ogre (D:4)
  A bullfrog (D:4)
  2 scorpions
  A howler monkey (D:4)
  A crimson imp (D:5)
  2 orc wizards
  A centaur skeleton (D:4)
  Ijyb (D:3)
  2 worker ants (D:4)
  A hound zombie (D:5)
  Robin (D:3)
  3 gnolls
  5 adders
  2 oozes (D:2)
  2 worms (D:4)
  3 dart slugs
  3 leopard geckos
  7 orcs
  4 giant cockroaches
  16 goblins
  12 hobgoblins
  4 jackals
  3 kobolds
  3 quokkas
  A ball python (D:1)
  A ball python skeleton (D:4)
  6 bats
  5 frilled lizards
  A quokka skeleton (D:4)
  10 rats
105 creatures vanquished.
